cohdb
Replays
Latest Replays
All Replays
Popular Replays
Top Player Replays
Match Explorer
How It Works
Community
CoH3 Stats
Reddit
Sign in to upload your games and track your stats! →
Sign in with Steam
vs Grunt
Match 19386733
Overview
Messages
Build Orders
End
Pioneer Squad
Pioneer Squad
Pioneer Squad
Pioneer Squad
Construct Infanterie Kompanie
MG 42 Machine Gun Team
MG 42 Machine Gun Team
Construct Luftwaffe Kompanie
Selects Mechanized Battlegroup
Selects Mechanized Battlegroup
Selects Raid Package
Jäger Squad
Support Elements
Jäger Squad
Wirbelwind Flakpanzer
Jäger Squad
Medical Station
Selects Fuel Seizure
Selects Mechanized Assault
Wirbelwind Flakpanzer
Marder III M Tank Destroyer
Mechanized Assault
Jäger Squad
Luftwaffe Officer Quarters
Wirbelwind Flakpanzer
Mechanized Assault
GOVERNOR
Grunt
0
0
Comments
sign in to comment!
No comments posted yet!